Map: Pillars of Gold LE

Players

Erik

  • Race: Zerg Zerg
  • Spawn Location: 1:00

Kelazhur - Winner!

  • Race: Terran Terran
  • League: Master
  • Spawn Location: 7:00

Event: DreamHack SC2 Masters 2020 Fall

VOD

Have the link to the VOD?

Description

Time

  • Played on: Aug. 29, 2020, 3:37 p.m.
  • Length: 13:56

All games in this series

Show
View Real Time Build Order
Export as new Build Order

Erik Zerg 

Build Orders: Pool First, Muta Ling Bane 

Get SALT Encoding   

  12  0:00  Drone  
  13  0:08  Drone  
  14  0:14  Extractor  
  14  0:15  Drone  
  15  0:23  Overlord  
  15  0:38  Spawning Pool  
  15  0:41  Drone  
  15  0:45  Drone  
  15  0:47  Extractor  
  15  0:50  Drone  
  15  0:55  Drone  
  17  1:18  Hatchery  
  16  1:25  Zergling x2  
  17  1:26  Zergling x2  
  17  1:29  Zergling x2  
  19  1:42  Queen  
  21  1:54  Roach Warren  
  21  1:58  Drone  
  21  2:03  Drone  
  22  2:12  Overlord  
  22  2:22  Metabolic Boost  
  22  2:38  Roach x3  
  22  2:43  Roach  
  30  2:51  Roach  
  31  2:58  Roach  
  31  3:01  Overlord  
  31  3:11  Zergling x4  
  33  3:13  Zergling x2  
  33  3:17  Zergling x2  
  35  3:27  Zergling x6  
  38  3:34  Zergling x2  
  38  3:35  Zergling x2  
  38  3:40  Zergling x2  
  41  3:43  Zergling x2  
  42  3:50  Ravager  
  43  3:57  Ravager  
  43  4:01  Zergling x6  
  38  4:11  Drone x2  
  38  4:12  Drone x2  
  38  4:20  Drone x2  
  38  4:25  Drone  
  38  4:29  Drone  
  38  4:37  Drone  
  36  4:41  Drone  
  36  4:45  Drone  
  32  4:46  Queen  
  33  4:53  Queen  
  33  4:58  Drone x2  
  37  5:07  Drone  
  38  5:08  Drone  
  38  5:10  Drone x3  
  42  5:16  Overlord  
  41  5:22  Drone x2  
  41  5:24  Lair  
  43  5:28  Extractor  
  43  5:29  Extractor  
  43  5:30  Extractor  
  40  5:41  Drone  
  41  5:43  Hatchery  
  41  5:48  Drone x4  
  44  5:55  Drone x2  
  44  5:56  Drone x2  
  48  6:01  Spore Crawler  
  48  6:03  Drone x2  
  49  6:09  Baneling Nest  
  48  6:13  Queen  
  48  6:18  Drone  
  45  6:30  Overlord  
  45  6:34  Spire  
  45  6:37  Drone x3  
  47  6:43  Spore Crawler  
  47  6:44  Overseer  
  47  6:46  Drone  
  47  6:55  Centrifical Hooks  
  47  6:58  Queen  
  49  7:05  Drone x3  
  52  7:10  Overlord  
  52  7:13  Zergling x6  
  52  7:15  Zergling x2  
  56  7:21  Drone x3  
  59  7:30  Drone  
  59  7:35  Evolution Chamber  
  59  7:36  Baneling x3  
  59  7:38  Evolution Chamber  
  59  7:41  Drone x2  
  59  7:42  Drone x4  
  63  7:58  Mutalisk  
  63  7:59  Mutalisk x4  
  73  8:07  Overlord x2  
  73  8:10  Zerg Melee Weapons Level 1  
  73  8:14  Zerg Ground Armor Level 1  
  73  8:16  Baneling x4  
  73  8:23  Overlord  
  73  8:26  Zergling x10  
  78  8:37  Zergling x2  
  78  8:38  Zergling x14  
  84  8:49  Baneling  
  84  8:50  Baneling x5  
  84  8:51  Mutalisk x3  
  90  8:55  Mutalisk  
  90  8:56  Mutalisk  
  90  9:01  Baneling  
  90  9:02  Baneling x5  
  94  9:03  Zergling x4  
  92  9:13  Zergling x12  
  97  9:24  Overlord  
  95  9:28  Zergling x6  
  92  9:39  Mutalisk x2  
  92  9:41  Overlord x3  
  92  9:44  Mutalisk x2  
  100  9:55  Zergling x4  
  100  9:56  Zergling x2  
  99  10:08  Overseer  
  99  10:09  Zerg Melee Weapons Level 2  
  99  10:11  Drone x5  
  99  10:12  Drone  
  99  10:13  Extractor  
  99  10:14  Extractor  
  103  10:18  Drone  
  104  10:25  Pneumatized Carapace  
  104  10:28  Hatchery  
  103  10:33  Zergling x12  
  109  10:36  Baneling x4  
  103  10:54  Zergling x24  
  113  11:00  Drone, Zerg Ground Armor Level 2  
  114  11:08  Drone x2  
  114  11:12  Drone x3  
  115  11:22  Hatchery  
  114  11:31  Baneling x11  
  114  11:34  Zergling x2  
  114  11:35  Zergling x12  
  121  11:41  Queen  
  123  11:55  Baneling x14  
  123  11:56  Zergling x4  
  119  12:07  Zergling x2  
  119  12:08  Zergling x12  
  122  12:22  Zergling x8  
  124  12:23  Zergling x10  
  124  12:25  Overlord  
  129  12:36  Baneling x5  
  129  12:39  Infestation Pit  
  129  12:40  Drone x3  
  122  12:57  Mutalisk x5  
  102  13:08  Mutalisk x4  
  106  13:17  Zergling x16  
  106  13:18  Zergling x2  
  115  13:33  Zergling x12  
  121  13:41  Baneling x8  
Show
View Real Time Build Order
Export as new Build Order

Kelazhur Terran - Winner!

Build Orders: Reaper Expand 

Get SALT Encoding   

  12  0:00  SCV  
  13  0:12  SCV  
  14  0:17  Supply Depot  
  14  0:26  SCV  
  15  0:39  SCV  
  15  0:40  Barracks  
  16  0:45  Refinery  
  16  0:51  SCV  
  17  1:03  SCV  
  18  1:15  SCV  
  19  1:28  Orbital Command, Reaper  
  20  1:41  Command Center  
  20  1:50  Supply Depot  
  20  1:53  SCV  
  21  1:59  Marine  
  22  2:06  Factory  
  22  2:09  SCV  
  22  2:14  Refinery  
  23  2:21  SCV  
  24  2:23  Barracks Reactor  
  24  2:33  SCV  
  25  2:37  Barracks Reactor  
  25  2:45  SCV  
  25  2:52  Hellion  
  25  2:57  SCV  
  25  2:58  Bunker  
  28  3:03  Starport  
  28  3:08  Orbital Command  
  28  3:16  Marine x2  
  28  3:19  SCV  
  31  3:28  Bunker  
  31  3:34  SCV  
  31  3:39  Factory Tech Lab  
  31  3:40  Starport Tech Lab  
  32  3:42  Marine x2  
  32  3:45  SCV  
  35  3:51  SCV  
  34  3:58  Cyclone  
  34  4:00  Banshee, Marine  
  42  4:08  SCV  
  38  4:15  Marine  
  36  4:28  SCV x2  
  29  4:39  Marine  
  29  4:40  SCV x2  
  32  4:52  SCV  
  32  4:53  SCV  
  34  5:00  Banshee  
  34  5:05  SCV x2  
  39  5:10  Command Center  
  39  5:16  Marine  
  39  5:17  SCV x2  
  41  5:28  Supply Depot  
  41  5:29  SCV x2  
  43  5:41  SCV x2  
  45  5:46  Stimpack, Marine  
  46  5:53  Barracks, SCV  
  46  5:54  Starport Reactor  
  46  5:55  Barracks, SCV  
  48  5:57  Factory Reactor  
  48  5:58  Supply Depot  
  48  6:05  Engineering Bay, SCV  
  48  6:07  Engineering Bay  
  48  6:08  SCV  
  50  6:17  SCV  
  51  6:24  SCV  
  53  6:26  Orbital Command  
  53  6:29  SCV  
  53  6:31  Marine  
  54  6:36  SCV, Terran Infantry Armor Level 1, Terran Infantry Weapons Level 1  
  55  6:40  Starport Reactor  
  55  6:41  SCV  
  56  6:48  Missile Turret, SCV  
  56  6:49  Refinery x2, Marine x2  
  56  6:50  Marine x3  
  56  6:53  SCV  
  63  6:58  Supply Depot  
  63  6:59  SCV  
  63  7:00  SCV  
  65  7:03  Siege Tank  
  65  7:05  SCV  
  69  7:10  Marine  
  69  7:11  SCV, Marine x3  
  69  7:12  SCV  
  75  7:17  Orbital Command  
  75  7:23  Armory, SCV  
  75  7:26  Marine  
  75  7:28  Marine  
  75  7:29  Medivac  
  80  7:30  Medivac  
  80  7:31  Marine x2  
  80  7:32  Marine  
  85  7:41  Supply Depot  
  85  7:42  Supply Depot  
  85  7:45  Supply Depot  
  85  7:58  Barracks  
  85  8:00  Barracks  
  85  8:03  SCV x3, Marine  
  85  8:05  Bunker  
  89  8:06  Combat Shield, Marine x3  
  89  8:08  Marine  
  93  8:15  SCV x2  
  93  8:18  SCV  
  96  8:22  Marine  
  96  8:23  Medivac x2  
  96  8:25  Widow Mine  
  103  8:27  SCV x2  
  103  8:29  Missile Turret  
  105  8:36  Marine x2  
  105  8:37  Terran Infantry Weapons Level 2, SCV  
  105  8:39  Terran Infantry Armor Level 2  
  108  8:49  Marine  
  108  8:50  Barracks Reactor x2  
  109  8:57  Supply Depot  
  109  8:58  Supply Depot x2  
  109  9:13  Drilling Claws  
  109  9:16  SCV  
  109  9:17  Factory, Supply Depot, Marine  
  109  9:18  Medivac, SCV, Marine x3, Widow Mine  
  109  9:20  SCV  
  109  9:23  Medivac  
  119  9:28  SCV  
  119  9:29  Marine  
  119  9:30  SCV, Marine x4  
  125  9:32  SCV  
  125  9:33  Refinery  
  125  9:34  Supply Depot  
  125  9:35  Marine  
  125  9:36  Marine  
  125  9:37  Terran Vehicle And Ship Armor Level 1, Marine  
  120  9:42  SCV  
  120  9:44  Widow Mine, Marine  
  121  9:46  Marine  
  121  9:52  Marine x4  
  123  9:58  Marine  
  127  10:00  Marine  
  127  10:02  Command Center  
  128  10:08  Medivac x2, Marine  
  128  10:09  Marine x2  
  135  10:14  Marine x2  
  135  10:15  Marine x2  
  135  10:16  Factory Reactor, Marine  
  135  10:19  Thor  
  146  10:23  Missile Turret  
  146  10:24  Missile Turret, Supply Depot  
  146  10:29  Supply Depot  
  146  10:31  Supply Depot, Marine  
  146  10:32  Marine x5  
  150  10:36  Supply Depot  
  148  10:44  Marine  
  148  10:45  Marine x2  
  148  10:49  Marine  
  146  10:50  Marine x2  
  139  10:58  Marine  
  139  10:59  Medivac  
  139  11:00  Medivac  
  139  11:02  Sensor Tower  
  144  11:04  Marine  
  144  11:05  Marine x4  
  144  11:07  Marine x3  
  144  11:09  Terran Infantry Armor Level 3  
  152  11:14  Widow Mine x2  
  152  11:16  Marine  
  154  11:23  Thor  
  154  11:25  Missile Turret  
  158  11:26  Missile Turret  
  158  11:27  Missile Turret, Marine  
  158  11:28  Marine x3  
  163  11:32  SCV  
  163  11:33  SCV x2  
  163  11:37  Missile Turret, Widow Mine  
  167  11:42  Planetary Fortress  
  167  11:46  SCV  
  167  11:47  SCV  
  169  11:50  Marine  
  169  11:51  Marine x5  
  169  11:54  Marauder, Marine x2  
  177  11:56  SCV  
  179  12:07  SCV x2  
  181  12:08  Marine  
  181  12:09  Marine x2  
  181  12:11  Thor  
  181  12:12  Widow Mine x2  
  193  12:22  Marine x3  
  191  12:24  Medivac x2  
  195  12:31  Marine x4  
  195  12:32  Marine  
  195  12:37  Barracks x2  
  200  12:38  Barracks  
  200  12:42  Missile Turret x2  
  200  12:43  Missile Turret  
  167  13:13  Widow Mine  
  167  13:14  Widow Mine, Marine x5  
  167  13:15  Marauder, Marine x2  
  167  13:16  SCV x3  
  167  13:17  Refinery  
  167  13:19  Command Center  
  189  13:22  Supply Depot  
  189  13:24  Medivac x2  
  189  13:25  Marine  
  189  13:26  Marine x2  

Tags
 
Add a new tag
Caveats
  • Supply blocks, unpowered buildings, or Contaminate may cause inaccurate times.
  • Supply counts are checked every 10 seconds.